 Dungeon Crawl Stone Soup version 0.24.0-125-gc4c63601f3 (webtiles) character file.

Game seed: 1231249262199828602, levelgen mode: deterministic

12534 Johnny the Spear-Bearer (level 11, -7/156 HPs)
             Began as a Demigod Gladiator on Feb 17, 2020.
             Mangled by a hell knight
             ... wielding a +5 demon whip of flaming
              (9 damage)
             ... on level 12 of the Dungeon.
             The game lasted 00:12:03 (12799 turns).

Johnny the Spear-Bearer (Demigod Gladiator)        Turns: 12799, Time: 00:12:03

Health: -7/156     AC: 17    Str: 28    XL:     11   Next: 37%
Magic:  0/23       EV: 13    Int: 17    God:
Gold:   390        SH:  0    Dex: 17    Spells: 10/10 levels left

rFire    . . .     SeeInvis .   y - +4 halberd
rCold    + . .     Gourm    +   (shield currently unavailable)
rNeg     . . .     Faith    .   j - +8 chain mail "Jycw" {rElec MP+9}
rPois    .         Spirit   +   k - +0 helmet
rElec    +         Reflect  .   e - scarf {Spirit}
rCorr    .         Harm     .   (no gloves)
MR       +....                  (no boots)
Stlth    ..........             B - amulet of the gourmand
HPRegen  0.36/turn              r - +3 ring of evasion
MPRegen  0.18/turn              L - ring of protection from cold

@: brilliant, berserking, very quick
A: high mp 1
a: no special abilities


You were on level 12 of the Dungeon.
You were full.

You visited 1 branch of the dungeon, and saw 12 of its levels.

You collected 599 gold pieces.
You spent 209 gold pieces at shops.

Inventory:

Hand Weapons
 y - a +4 halberd (weapon)
Missiles
 d - 3 throwing nets (quivered)
Armour
 e - a scarf of spirit shield (worn)
 j - the +8 chain mail "Jycw" (worn) {rElec MP+9}
   (You found it on level 6 of the Dungeon)

   It insulates you from electricity.
   It affects your magic capacity (+9).
 k - a +0 helmet (worn)
 K - +0 acid dragon scales
Jewellery
 l - an uncursed ring of stealth
 r - a +3 ring of evasion (left hand)
 B - an amulet of the gourmand (around neck)
 C - an uncursed ring of positive energy
 F - a +5 ring of intelligence
 H - an uncursed amulet of guardian spirit {unknown}
 L - a ring of protection from cold (right hand)
Wands
 q - a wand of polymorph (9)
 E - a wand of flame (15)
 J - a wand of iceblast (4)
Scrolls
 a - 2 scrolls of fog
 g - 3 scrolls of enchant armour
 m - 2 scrolls of immolation
 p - 3 scrolls of amnesia
 t - 2 scrolls of noise
 u - a scroll of blinking
 x - 2 scrolls of remove curse
 D - a scroll of holy word
 I - a scroll of teleportation {unknown}
 M - a scroll of identify
Potions
 b - a potion of might {unknown}
 c - 3 potions of haste
 h - 2 potions of mutation {unknown}
 i - 3 potions of flight {unknown}
 n - 3 potions of ambrosia {unknown}
 o - 3 potions of brilliance
 s - a potion of berserk rage
 v - a potion of resistance {unknown}
 w - 5 potions of degeneration {unknown}
 z - 2 potions of curing {unknown}
 A - a potion of heal wounds {unknown}
 G - a potion of invisibility {unknown}
Comestibles
 f - 23 rations


   Skills:
 + Level 12.1 Fighting
 + Level 12.2 Polearms
 - Level 1.7 Throwing
 - Level 2.6 Dodging


You had 10 spell levels left.
You didn't know any spells.
Your spell library contained the following spells:

 Spells                   Type           Power        Failure   Level  Hunger
 Magic Dart               Conj           ##..         16%         1    ##.....
 Blink                    Tloc           N/A          24%         2    ###....
 Call Imp                 Summ           ##......     24%         2    ###....
 Slow                     Hex            ##......     24%         2    ###....
 Conjure Flame            Conj/Fire      ##......     41%         3    ####...
 Mephitic Cloud           Conj/Pois/Air  ##......     41%         3    ####...


Dungeon Overview and Level Annotations

Branches:
Dungeon (12/15)            Temple (0/1) D:6            Lair (0/6) D:10
    Orc (0/2) D:9

Shops:
D:7 *(


Innate Abilities, Weirdness & Mutations

You have an increased reservoir of magic. (+10% MP)


Message History

* * * LOW HITPOINT WARNING * * *
The hell knight burns you.
* * * LOW HITPOINT WARNING * * *
You closely miss the hell knight.
The hell knight is lightly wounded.
You puncture the hell knight!
The hell knight is moderately wounded.
The hell knight hits you with a +5 demon whip of flaming!!
* * * LOW HITPOINT WARNING * * *
The hell knight burns you!
* * * LOW HITPOINT WARNING * * *
You completely miss the hell knight.
The hell knight is moderately wounded.
Attack whom?
Press: ? - help, Dir - move target cursor, f - hell knight
Aim: a hell knight, wielding a +5 demon whip of flaming and wearing a +0 plate armour (moderately wounded)
You slice the hell knight!!
The hell knight is severely wounded.
The hell knight hits you with a +5 demon whip of flaming!
You die...

#...###...# ###.#
##..# #.# ##.# #.#
#.# #.# #.. #.# #.#
##.## #.#
###########...####..
#.p@........#)......
#.#########...######
#.# ##.## #.# #.#
#.# #.## #.######
#..# #......# ##.#
######.# #.# #.#
##.#


You could see a hell knight.

Vanquished Creatures
  Erolcha (D:9)
  A two-headed ogre (D:8)
  The ghost of niknal the Cudgeler, a novice TrFi (D:6)
  An unseen horror (D:12)
  A glowing orange brain (D:12)
  A rust devil (D:12)
  An elephant (D:10)
  Prince Ribbit (D:7)
  2 hippogriffs
  Sigmund (D:6)
  2 wyverns
  2 wraiths (D:10)
  11 yaks
  A basilisk (D:11)
  Menkaure (D:6)
  Edmund (D:4)
  2 acid dragons (D:12)
  Duvessa (D:4)
  4 hell hounds (D:12)
  2 orc warriors
  4 sky beasts
  5 ice beasts
  A phantom (D:7)
  3 ogres
  A black bear (D:10)
  2 centaurs
  A necrophage (D:8)
  3 crocodiles
  3 big kobolds
  7 bullfrogs
  A gnoll sergeant (D:10)
  Dowan (D:4)
  A wyvern skeleton (D:11)
  4 scorpions
  4 wights (D:7)
  5 crimson imps
  2 bullfrog zombies (D:11)
  2 jellies
  2 centaur skeletons
  6 hounds
  4 orc wizards
  Crazy Yiuf (D:7)
  7 orc priests
  A bullfrog skeleton (D:5)
  2 gnoll shamans (D:5)
  Jessica (D:2)
  3 iguanas
  Ijyb (D:4)
  11 worker ants
  A hound zombie (D:5)
  A hound skeleton (D:8)
  Robin (D:2)
  15 gnolls
  15 adders
  4 shadow imps
  5 oozes (D:1)
  2 adder skeletons
  2 worms
  2 dart slugs
  5 leopard geckos
  36 orcs
  10 bats
  11 giant cockroaches
  19 goblins
  2 hobgoblins
  19 jackals
  4 quokkas
  10 frilled lizards
  A jackal skeleton (D:8)
  16 kobolds
  16 rats
324 creatures vanquished.

Vanquished Creatures (others)
  2 withered plants (D:6)
2 creatures vanquished.

Grand Total: 326 creatures vanquished

Notes
Turn   | Place    | Note
-------+----------+-------------------------------------------
     0 | D:1      | Johnny the Demigod Gladiator began the quest for the Orb.
     0 | D:1      | Reached XP level 1. HP: 17/17 MP: 3/3
     1 | D:1      | Found a runed translucent door.
    64 | D:1      | Reached XP level 2. HP: 23/24 MP: 4/4
   525 | D:1      | Reached XP level 3. HP: 27/30 MP: 5/5
   920 | D:2      | Reached XP level 4. HP: 17/38 MP: 6/6
  1114 | D:2      | Noticed Robin
  1151 | D:2      | Killed Robin
  1344 | D:2      | Noticed Jessica
  1349 | D:2      | Killed Jessica
  1403 | D:2      | Found a hazy altar of Hepliaklqana.
  1829 | D:2      | Found a sparkling altar of Nemelex Xobeh.
  1829 | D:2      | Found a sacrificial altar of Ru.
  1989 | D:3      | Reached XP level 5. HP: 40/46 MP: 7/7
  2811 | D:4      | Noticed Ijyb
  2818 | D:4      | Killed Ijyb
  3018 | D:4      | Noticed Duvessa
  3020 | D:4      | Noticed Dowan
  3033 | D:4      | Killed Duvessa
  3033 | D:4      | Reached skill level 5 in Polearms
  3033 | D:4      | Reached XP level 6. HP: 16/53 MP: 8/8
  3036 | D:4      | Killed Dowan
  3354 | D:4      | Noticed Edmund
  3370 | D:4      | Killed Edmund
  3370 | D:4      | Reached skill level 5 in Fighting
  3442 | D:4      | Reached XP level 7. HP: 19/61 MP: 9/9
  4387 | D:5      | Entered Level 5 of the Dungeon
  4689 | D:5      | Found an opulent altar of Gozag.
  4920 | D:5      | Found a shimmering altar of Xom.
  5099 | D:5      | Reached XP level 8. HP: 65/71 MP: 10/10
  5306 | D:6      | Found a runed translucent door.
  5306 | D:6      | Noticed niknal's ghost (novice TrFi)
  5547 | D:6      | Found a staircase to the Ecumenical Temple.
  5549 | D:6      | Noticed Sigmund
  5565 | D:6      | Killed Sigmund
  5640 | D:6      | Found an ornate altar of the Wu Jian Council.
  5728 | D:6      | Noticed Menkaure
  5732 | D:6      | Killed Menkaure
  5737 | D:6      | Got a shimmering chain mail
  5748 | D:6      | Identified the +8 chain mail "Jycw" {rElec MP+9} (You found
                  | it on level 6 of the Dungeon)
  6225 | D:6      | Killed niknal's ghost
  6269 | D:6      | Reached XP level 9. HP: 49/81 MP: 11/11
  6493 | D:7      | Noticed Prince Ribbit
  6502 | D:7      | Killed Prince Ribbit
  6514 | D:7      | Found Akaz's Weapon Emporium.
  6656 | D:7      | Found Emu Limo's Assorted Antiques.
  6666 | D:7      | Bought a scroll of enchant armour for 165 gold pieces
  6666 | D:7      | Bought a scroll of identify for 44 gold pieces
  6864 | D:7      | Found a runed translucent door.
  6865 | D:7      | Noticed Crazy Yiuf
  6987 | D:7      | Killed Crazy Yiuf
  7191 | D:8      | Noticed a two-headed ogre
  7216 | D:8      | Killed a two-headed ogre
  7216 | D:8      | Reached skill level 10 in Polearms
  7624 | D:8      | Reached XP level 10. HP: 91/93 MP: 13/13
  7794 | D:8      | Found a burning altar of Makhleb.
  7802 | D:8      | Reached skill level 10 in Fighting
  8102 | D:9      | Noticed Erolcha
  8123 | D:9      | Killed Erolcha
  8465 | D:9      | Found a shadowy altar of Dithmenos.
  8537 | D:9      | Found a staircase to the Orcish Mines.
  8871 | D:9      | Found a roughly hewn altar of Beogh.
  9319 | D:10     | Entered Level 10 of the Dungeon
  9422 | D:10     | Found a staircase to the Lair.
  9422 | D:10     | Noticed an elephant
  9447 | D:10     | Killed an elephant
  9620 | D:10     | Reached XP level 11. HP: 80/102 MP: 14/14
 11484 | D:12     | Killed an unseen horror
 11779 | D:12     | Noticed a hell knight
 12261 | D:12     | Noticed Nessos
 12262 | D:12     | Noticed Nessos
 12262 | D:12     | Nessos changed into Nessos the death drake
 12264 | D:12     | Noticed Nessos
 12264 | D:12     | Nessos the death drake changed into Nessos the glowing
                  | orange brain
 12279 | D:12     | Killed Nessos the glowing orange brain
 12797 | D:12     | HP: 7/156 [hell knight/+5 demon whip of flaming (20)]
 12797 | D:12     | HP: 1/156 [hell knight/+5 demon whip of flaming (6)]
 12799 | D:12     | Mangled by a hell knight

Levels and vault maps discovered:
D:1:      dpeg_arrival_caged_fury, layout_rooms, st_stairs_9
D:2:      layout_loops_ring, lemuel_coloured_pillars_altar,
          gammafunk_temple_overflow_statue, first_ration,
          minmay_misc_feat_square, uniq_robin, uniq_jessica
D:3:      layout_rooms
D:4:      layout_basic, uniq_ijyb, uniq_duvessa, uniq_edmund
D:5:      layout_loops_ring, kennysheep_little_box, grunt_gozag_statues
D:6:      layout_loops_corners, lemuel_crystal_altar,
          minmay_temple_entry_antechambers, gammafunk_ghost_grave, uniq_sigmund,
          uniq_menkaure
D:7:      layout_cave_pools, serial_shops, shop, shop, uniq_prince_ribbit1,
          uniq_crazy_yiuf_cottage
D:8:      layout_rooms, makhleb_blood_cavern_becter
D:9:      layout_stronghold, grunt_dithmenos_shadows,
          minmay_orc_entry_temple_small, blue_anna_alchemist
          [blue_anna_fruit_fields, blue_anna_fruit_fields], uniq_erolcha
D:10:     layout_basic, david_lair_generic
D:11:     layout_stronghold
D:12:     mludivico_vault, layout_loops_ring, uniq_nessos

Skill      XL: |  1  2  3  4  5  6  7  8  9 10 11 |
---------------+----------------------------------+-----
Fighting       | 2 3 4 5 6 8 9 11 12 | 12.1
Polearms       | 3 4 5 6 8 10 11 12 | 12.2
Throwing       | |  1.7
Dodging        | |  2.6

Action                   |  1- 3 |  4- 6 |  7- 9 | 10-12 || total
-------------------------+-------+-------+-------+-------++-------
Melee: Trident           |   161 |   302 |   195 |       ||   658
       Halberd           |       |       |   219 |   469 ||   688
Evoke: Wand              |       |     7 |     1 |     2 ||    10
  Use: Scroll            |       |       |    15 |     4 ||    19
       Potion            |       |       |       |     3 ||     3
 Stab: Sleeping          |     1 |     2 |       |       ||     3
  Eat: Chunk             |       |     5 |    11 |    26 ||    42
       Ration            |       |     1 |     1 |       ||     2
Armor: Leather armour    |    71 |    11 |       |       ||    82
       Chain mail        |       |   133 |   196 |   169 ||   498
Dodge: Dodged            |   157 |   137 |   219 |   203 ||   716
